 Dungeon Crawl Stone Soup version 0.27-a0-1590-g15f69828bf (webtiles) character file.

Game seed: 11027599209502276554

92 Sin92 the Covered (level 4, -3/35 HPs)
             Began as a Demonspawn Fighter on July 18, 2021.
             Slain by an orc warrior (16 damage)
             ... on level 3 of the Dungeon.
             The game lasted 00:02:45 (2175 turns).

Sin92 the Covered (Demonspawn Fighter)              Turns: 2175, Time: 00:02:45

Health: -3/35      AC:  8    Str: 17    XL:     4   Next: 35%
Magic:  4/4        EV:  7    Int:  9    God:
Gold:   46         SH:  9    Dex: 13    Spells: 3/3 levels left

rFire    . . .     SeeInvis .   a - +1 long sword
rCold    . . .     Faith    .   c - +0 kite shield
rNeg     . . .     Spirit   .   b - +0 scale mail
rPois    .         Reflect  .   (helmet restricted)
rElec    .         Harm     .   (no cloak)
rCorr    .         Rampage  .   (no gloves)
Will     .....                  (no boots)
Stlth    ..........             (no amulet)
HPRegen  0.11/turn              (no ring)
MPRegen  0.09/turn              (no ring)

@: mighty
A: horns 1, icy blue scales 1, powered by pain 1
a: no special abilities


You were on level 3 of the Dungeon.
You visited 1 branch of the dungeon, and saw 3 of its levels.

You collected 46 gold pieces.

Inventory:

Hand Weapons
 a - a +1 long sword (weapon)
Armour
 b - a +0 scale mail (worn)
 c - a +0 kite shield (worn)
Scrolls
 e - a scroll of amnesia
 f - a scroll of fog {unknown}
 i - a scroll of magic mapping {unknown}
 l - 3 scrolls of identify
 m - a scroll of immolation {unknown}
Potions
 d - 2 potions of might
 g - 2 potions of curing {unknown}
 h - 3 potions of degeneration {unknown}
 j - 2 potions of heal wounds {unknown}
 k - a potion of mutation {unknown}


   Skills:
 + Level 3.3 Fighting
 + Level 2.6 Long Blades
 + Level 3.4 Armour
 + Level 0.7 Dodging
 + Level 3.2 Shields


You had 3 spell levels left.
You didn't know any spells.
Your spell library contained the following spells:

 Spells                   Type           Power      Damage    Failure   Level
 Shock                    Conj/Air       0%         1d3       99%         1
 Swiftness                Air            0%         N/A       100%        3
 Airstrike                Air            0%         N/A       100%        4
 Summon Ice Beast         Ice/Summ       0%         N/A       100%        4
 Summon Mana Viper        Hex/Summ       0%         N/A       100%        5
 Monstrous Menagerie      Summ           0%         N/A       100%        7


Dungeon Overview and Level Annotations

Branches:
Dungeon (3/15)

Altars:
Ru


Innate Abilities, Weirdness & Mutations

You have a pair of small horns on your head.
You are partially covered in icy blue scales. (AC +2)
You sometimes gain a little power by taking damage.


Message History

The orc wizard shouts!
The orc wizard gestures wildly while chanting.
The orc wizard flickers and vanishes!
Deactivating autopickup; reactivate with Ctrl-A.
Unknown command.
There are monsters nearby!
You block the orc priest's attack.
Unknown command.
There are monsters nearby!
You slash the orc priest! Your headbutt misses the orc priest.
The orc priest is heavily wounded.
The orc priest casts a cantrip, but nothing happens.
You block the orc's attack. The orc hits you but does no damage. x2
You feel very mighty all of a sudden. The orc warrior barely misses you.
The orc hits you but does no damage.
You barely miss the orc.
You hear some strange, mumbled words.
A puff of flame appears from out of thin air!
You block the puff of flame.
The orc priest hits you but does no damage.
You barely miss the orc priest. You headbutt the orc priest.
The orc priest is severely wounded.
You block the orc's attack.
The orc warrior hits you with a +0 battleaxe!
The orc priest hits you with a +0 dagger.
The orc closely misses you. You block the orc warrior's attack.
Unknown command.
The orc priest miscasts a cantrip.
You see here 9 gold pieces.
Your shield and scale mail prevent you from hitting the orc warrior.
You block the orc warrior's attack.
Your shield prevents you from hitting the orc warrior.
The orc warrior hits you with a +0 battleaxe!
You block the orc warrior's attack.
Your scale mail prevents you from hitting the orc warrior.
The orc warrior closely misses you.
You slice the orc warrior!!
The orc warrior is severely wounded.
The orc warrior hits you with a +0 battleaxe!
You die...

... ########## ...
#........# #.#
#....>...# ###.#
#......... #...#
#........# #...#
#........# #...#
#........#
######...#####{.......#
#.......>...@ooo.......
#.####...###########.##
#.# #...# # ## #.#
#...# #. #.# #####
#........##. #.#
#.[......##. #.#
#........##. #.#
#........##. #.#
#........###


You could see an orc warrior, an orc priest and an orc.

Vanquished Creatures
  3 adders
  2 worms (D:2)
  A dart slug (D:1)
  5 ball pythons
  5 bats
  6 endoplasms
  3 giant cockroaches
  4 goblins
  4 hobgoblins (D:1)
  3 jackals (D:2)
  3 kobolds
  6 quokkas
  4 frilled lizards
  5 rats
54 creatures vanquished.

Notes
Turn   | Place    | Note
-------+----------+-------------------------------------------
     0 | D:1      | Sin92 the Demonspawn Fighter began the quest for the Orb.
     0 | D:1      | Reached XP level 1. HP: 18/18 MP: 1/1
   346 | D:1      | Gained mutation: You are partially covered in icy blue
                  | scales. (AC +2) [demonic ancestry]
   346 | D:1      | Reached XP level 2. HP: 19/24 MP: 2/2
  1101 | D:2      | Gained mutation: You have a pair of small horns on your
                  | head. [demonic ancestry]
  1101 | D:2      | Reached XP level 3. HP: 29/29 MP: 3/3
  1466 | D:2      | Gained mutation: You sometimes gain a little power by
                  | taking damage. [demonic ancestry]
  1466 | D:2      | Reached XP level 4. HP: 15/35 MP: 4/4
  2110 | D:3      | Found a sacrificial altar of Ru.
  2161 | D:3      | Noticed an orc warrior
  2175 | D:3      | Slain by an orc warrior

Illustrated notes

Levels and vault maps discovered:
D:1:      denvon_arrival_hothouse, layout_loops_ring
D:2:      layout_rooms, nicolae_underground_beach
D:3:      layout_basic, nicolae_ru_the_path_less_chosen

Skill      XL: |  1  2  3 |
---------------+----------+-----
Armour         | 3 |  3.4
Long Blades    | 2 |  2.6
Shields        | 3 |  3.2
Fighting       | |  3.3
Dodging        | |  0.7

Action                   |  1- 3 |  4- 6 || total
-------------------------+-------+-------++-------
Melee: Long sword        |   147 |    24 ||   171
       Headbutt          |     9 |     7 ||    16
  Use: Scroll            |       |     4 ||     4
       Potion            |       |     1 ||     1
Armor: Scale mail        |    89 |    12 ||   101
Dodge: Dodged            |    39 |     9 ||    48
Block: Kite shield       |    92 |    17 ||   109
       Rpst.: Long sword |    14 |     2 ||    16

Table legend: (Time is in decaauts)
 A = Elapsed time spent in this place.
 B = Non-inter-level travel time spent in this place.
 C = Inter-level travel time spent in this place.
 D = Time resting spent in this place.
 E = Time spent auto-exploring this place.
 F = Levels seen in this place.
 G = Mean time per level.
                   A        B        C        D        E       F      G
               +--------+--------+--------+--------+--------+-----+--------+
         Total |   2267 |   2219 |     48 |      0 |   1788 |   3 |  755.7 |
       Dungeon |   2267 |   2219 |     48 |      0 |   1788 |   3 |  755.7 |
               +--------+--------+--------+--------+--------+-----+--------+

Top non-repeatable levels by time:
     D:1: 1082 daAuts
     D:2: 850 daAuts
     D:3: 334 daAuts
